 Dungeon Crawl Stone Soup version 0.19.0-2-gae57169 (webtiles) character file.

116 kae the Cudgeler (level 5, 0/41 HPs)
             Began as a Formicid Fighter on Nov 6, 2016.
             Slain by Grinder (4 damage)
             ... on level 3 of the Dungeon.
             The game lasted 00:01:34 (1839 turns).

kae the Cudgeler (Formicid Fighter)                 Turns: 1839, Time: 00:01:34

Health: 0/41       AC:  6    Str: 26    XL:     5   Next: 20%
Magic:  5/5        EV:  8    Int:  8    God:
Gold:   48         SH: 12    Dex: 10    Spells: 0 memorised, 4 levels left

rFire  . . .     SeeInvis +     a - +0 flail
rCold  . . .     Gourm    .     b - +0 scale mail
rNeg   . . .     Faith    .     c - +0 shield
rPois  .         Spirit   .     (helmet unavailable)
rElec  .         Reflect  +     (no cloak)
rCorr  .         Harm     .     (no gloves)
MR     .....                    (no boots)
Stlth  ..........               i - +2 amulet of reflection
                                (no ring)
                                (no ring)

@: mighty
A: permanent stasis, dig shafts and tunnels, four strong arms, antennae 3
a: Dig, Shaft Self


You were on level 3 of the Dungeon.
You were not hungry.

You visited 1 branch of the dungeon, and saw 3 of its levels.

You collected 48 gold pieces.

Inventory:

Hand Weapons
 a - a +0 flail (weapon)
Armour
 b - a +0 scale mail (worn)
 c - a +0 shield (worn)
Jewellery
 i - a +2 amulet of reflection (around neck)
Wands
 p - a wand of polymorph (12/24)
 r - a wand of digging (10/24)
Scrolls
 e - a scroll of teleportation {unknown}
 l - 2 scrolls of enchant armour {unknown}
 m - 3 scrolls of identify {unknown}
 q - a scroll of fear {unknown}
Potions
 h - a potion of degeneration {unknown}
 j - 2 potions of ambrosia {unknown}
 k - a potion of cancellation {unknown}
 n - a potion of flight {unknown}
 s - a potion of cure mutation {unknown}
Comestibles
 f - a bread ration
 g - 4 meat rations


   Skills:
 - Level 3.2 Fighting
 * Level 5.0 Maces & Flails
 - Level 3.2 Armour
 - Level 3.6 Shields


You had 4 spell levels left.
You didn't know any spells.

Dungeon Overview and Level Annotations

Branches:
Dungeon (2/15)

Altars:

Annotations:
D:3 Grinder


Innate Abilities, Weirdness & Mutations

You are under a permanent stasis effect.
You can dig through walls and to a lower floor.
Your four strong arms can wield two-handed weapons with a shield.
You have a pair of large antennae on your head. (SInv)


Message History

You hit Grinder.
Grinder is lightly wounded.
You block Grinder's attack. The worm bites you but does no damage.
You barely miss Grinder.
Grinder is lightly wounded.
Grinder gestures at you. Pain shoots through your body!
* * * LOW HITPOINT WARNING * * *
You block Grinder's attack.
You closely miss Grinder.
Grinder is lightly wounded.
The worm barely misses you. Grinder gestures at you.
You struggle to resist.
You barely miss Grinder.
Grinder is lightly wounded.
Grinder hits you.
* * * LOW HITPOINT WARNING * * *
You writhe in agony.
You die...

#..########
#####...##
.........#
#####...##
#..## #..#
#..##
.####..5#######
......#.@...(.#
.####..w#####.#
##.## .# ... .#
...#. .#
....### /# ....
.# ..# .# .#


You could see Grinder and a worm.

Vanquished Creatures
  Jessica (D:2)
  Ijyb (D:3)
  Terence (D:2)
  An adder (D:3)
  A worm (D:2)
  A dart slug (D:1)
  3 leopard geckos
  A ball python (D:2)
  3 bats
  3 giant cockroaches
  A hobgoblin (D:1)
  5 kobolds
  4 frilled lizards
  4 rats
30 creatures vanquished.

Notes
Turn   | Place    | Note
-------+----------+-------------------------------------------
     0 | D:1      | kae the Formicid Fighter began the quest for the Orb.
     0 | D:1      | Reached XP level 1. HP: 18/18 MP: 1/1
   292 | D:1      | Reached XP level 2. HP: 24/24 MP: 2/2
   823 | D:1      | Reached skill level 3 in Maces & Flails
  1014 | D:2      | Noticed Terence
  1028 | D:2      | Killed Terence
  1028 | D:2      | Reached XP level 3. HP: 25/29 MP: 3/3
  1107 | D:2      | Noticed Jessica
  1116 | D:2      | Killed Jessica
  1116 | D:2      | Reached skill level 4 in Maces & Flails
  1116 | D:2      | Reached XP level 4. HP: 35/35 MP: 4/4
  1685 | D:2      | You fall through a shaft!
  1685 | D:3      | Noticed Ijyb
  1695 | D:3      | Killed Ijyb
  1695 | D:3      | Reached XP level 5. HP: 40/41 MP: 5/5
  1805 | D:3      | Reached skill level 5 in Maces & Flails
  1812 | D:3      | Noticed Grinder
  1839 | D:3      | Slain by Grinder

Skill      XL: |  1  2  3  4  5 |
---------------+----------------+-----
Maces & Flails | 3 4 5 |  5.0
Fighting       | |  3.2
Armour         | |  3.2
Shields        | |  3.6

Action                   |  1- 3 |  4- 6 || total
-------------------------+-------+-------++-------
Melee: Flail             |    77 |    67 ||   144
  Use: Potion            |       |     1 ||     1
  Eat: Chunk             |     1 |     2 ||     3
Armor: Scale mail        |    34 |    26 ||    60
Dodge: Dodged            |    20 |    19 ||    39
Block: Shield            |    33 |    42 ||    75
